General information
- name: BNet
- type: Ladder team game (AT/RT)
- host: Battle.net
- saver: PolockPwner
map: FullScaleAssault
- players: 8
- length: 34:13
- speed: Fast
- version: 1.26 W3XP
- replay type: Public
» download(260 KB)
Players
team 1 (loser)

»
Elendiar (
orange | 88 APM | 1520 actions | 17:12)
3 Death Knight
2 Death Coil
1 Unholy Aura
2 Lich
1 Frost Nova
1 Dark Ritual
1 Naga Sea Witch
1 Frost Arrows
» actions
| Assign group hotkey | 63 | |
| Basic commands | 7 | |
| Build / train | 48 | |
| Enter build submenu | 16 | |
| Enter hero's abilities submenu | 6 | |
| Give item / drop item | 8 | |
| Remove unit from queue | 4 | |
| Right click | 841 | |
| Select / deselect | 268 | |
| Select group hotkey | 190 | |
| Use ability | 68 | |
1520 total
» units
| Acolyte | 3 | |
| Ghoul | 2 | |
| Crypt Fiend | 6 | |
| Frost Wyrm | 3 | |
| Obsidian Statue | 1 | |
15 total
» upgrades
| Web | 1 | |
| Creature Attack | 1 | |
| Destroyer Form | 1 | |
3 total
» buildings
| Crypt | 1 | |
| Graveyard | 1 | |
| Altar of Darkness | 1 | |
| Ziggurat | 6 | |
| Tomb of Relics | 1 | |
| Nerubian Tower | 1 | |
| Halls of the Dead | 1 | |
| Black Citadel | 1 | |
| Sacrificial Pit | 1 | |
| Boneyard | 2 | |
| Slaughterhouse | 1 | |
17 total
» build order
00:11 Crypt
00:17 Graveyard
01:06 Altar of Darkness
01:10 Ziggurat
01:35 Tomb of Relics
01:51 Ziggurat
02:46 Nerubian Tower
04:30 Halls of the Dead
05:14 Ziggurat
05:16 Ziggurat
06:58 Black Citadel
06:59 Sacrificial Pit
08:55 Ziggurat
10:26 Boneyard
11:32 Boneyard
11:36 Slaughterhouse
14:18 Ziggurat
» items
| Rod of Necromancy | 4 | |
| Dust of Appearance | 3 | |
| Potion of Healing | 5 | |
| Orb of Corruption | 1 | |
| Scroll of Town Portal | 1 | |
14 total
PolockPwner (
green | 85 APM | 2923 actions | 34:13)
8 Archmage
2 Summon Water Elemental
3 Brilliance Aura
2 Blizzard
1 Mass Teleport
4 Mountain King
2 Storm Bolt
2 Bash
» actions
| Assign group hotkey | 55 | |
| Basic commands | 31 | |
| Build / train | 275 | |
| Enter build submenu | 61 | |
| Enter hero's abilities submenu | 13 | |
| Give item / drop item | 8 | |
| Remove unit from queue | 1 | |
| Right click | 907 | |
| Select / deselect | 460 | |
| Select group hotkey | 853 | |
| Use ability | 259 | |
2923 total
» units
| Peasant | 18 | |
| Footman | 9 | |
| Goblin Shredder | 4 | |
| Goblin Zeppelin | 7 | |
| Gryphon Rider | 7 | |
| Sorceress | 1 | |
| Goblin Sapper | 2 | |
| Siege Engine | 2 | |
50 total
» upgrades
| Swords | 3 | |
| Armor | 3 | |
| Masonry | 4 | |
| Animal War Training | 1 | |
| Backpack | 1 | |
| Storm Hammers | 1 | |
| Lumber Harvesting | 2 | |
| Plating | 2 | |
| Gunpowder | 1 | |
| Sorceress Training | 2 | |
| Cloud | 1 | |
| Magic Sentry | 1 | |
22 total
» buildings
| Altar of Kings | 1 | |
| Barracks | 1 | |
| Farm | 13 | |
| Arcane Vault | 1 | |
| Blacksmith | 1 | |
| Town Hall | 2 | |
| Keep | 3 | |
| Scout Tower | 79 | |
| Lumber Mill | 1 | |
| Guard Tower | 83 | |
| Castle | 2 | |
| Gryphon Aviary | 4 | |
| Arcane Sanctum | 1 | |
| Cannon Tower | 35 | |
227 total
» build order
01:20 Altar of Kings
01:22 Barracks
01:27 Farm
01:28 Farm
01:30 Farm
02:03 Farm
02:17 Farm
02:28 Arcane Vault
02:40 Blacksmith
04:36 Town Hall
06:35 Keep
06:36 Keep
07:49 Scout Tower
07:50 Scout Tower
07:51 Scout Tower
07:55 Scout Tower
07:58 Scout Tower
07:59 Scout Tower
07:59 Scout Tower
08:00 Scout Tower
08:01 Scout Tower
08:06 Scout Tower
08:07 Scout Tower
08:25 Lumber Mill
09:18 Guard Tower
09:18 Guard Tower
09:18 Guard Tower
09:19 Castle
09:20 Castle
09:22 Guard Tower
09:22 Guard Tower
11:38 Town Hall
11:40 Scout Tower
11:41 Scout Tower
11:41 Scout Tower
11:42 Scout Tower
11:42 Scout Tower
11:43 Scout Tower
11:44 Scout Tower
11:45 Scout Tower
11:47 Scout Tower
11:48 Scout Tower
11:48 Scout Tower
11:49 Scout Tower
11:50 Scout Tower
11:53 Scout Tower
11:55 Scout Tower
12:04 Gryphon Aviary
12:05 Gryphon Aviary
12:06 Gryphon Aviary
12:08 Gryphon Aviary
12:40 Scout Tower
12:41 Scout Tower
12:43 Scout Tower
12:44 Scout Tower
12:44 Scout Tower
12:47 Scout Tower
12:49 Scout Tower
12:50 Scout Tower
12:55 Guard Tower
12:55 Guard Tower
12:55 Guard Tower
14:10 Guard Tower
14:10 Guard Tower
14:41 Guard Tower
14:41 Guard Tower
14:43 Guard Tower
15:13 Guard Tower
15:14 Guard Tower
15:14 Guard Tower
15:15 Guard Tower
15:15 Guard Tower
15:34 Arcane Sanctum
15:43 Guard Tower
15:44 Guard Tower
15:44 Guard Tower
15:57 Guard Tower
15:57 Guard Tower
15:58 Guard Tower
16:02 Scout Tower
16:02 Scout Tower
16:05 Scout Tower
16:55 Guard Tower
16:55 Guard Tower
16:55 Guard Tower
18:28 Guard Tower
18:28 Guard Tower
19:59 Scout Tower
20:00 Scout Tower
20:01 Scout Tower
20:02 Scout Tower
20:03 Scout Tower
20:04 Scout Tower
20:06 Scout Tower
20:07 Scout Tower
20:08 Scout Tower
20:45 Scout Tower
20:45 Scout Tower
20:45 Scout Tower
20:46 Scout Tower
20:47 Scout Tower
20:48 Scout Tower
20:48 Scout Tower
20:49 Scout Tower
20:50 Scout Tower
20:51 Scout Tower
20:51 Scout Tower
20:52 Scout Tower
20:53 Scout Tower
20:54 Scout Tower
20:55 Scout Tower
20:55 Scout Tower
20:56 Scout Tower
20:56 Scout Tower
20:57 Scout Tower
20:57 Scout Tower
20:58 Scout Tower
20:59 Scout Tower
21:01 Scout Tower
21:21 Guard Tower
21:21 Guard Tower
21:24 Guard Tower
21:25 Guard Tower
21:25 Guard Tower
21:30 Guard Tower
21:30 Guard Tower
21:31 Guard Tower
21:46 Guard Tower
21:46 Guard Tower
21:58 Guard Tower
21:58 Guard Tower
21:58 Guard Tower
21:59 Guard Tower
21:59 Guard Tower
21:59 Guard Tower
22:01 Guard Tower
22:02 Guard Tower
22:11 Scout Tower
22:13 Scout Tower
22:13 Scout Tower
22:15 Scout Tower
22:15 Scout Tower
22:16 Scout Tower
22:23 Scout Tower
22:24 Scout Tower
22:25 Scout Tower
22:30 Cannon Tower
22:31 Cannon Tower
22:31 Cannon Tower
22:40 Guard Tower
22:40 Guard Tower
22:41 Cannon Tower
22:41 Cannon Tower
22:43 Guard Tower
22:49 Guard Tower
22:52 Guard Tower
22:53 Guard Tower
22:54 Guard Tower
22:54 Guard Tower
22:56 Guard Tower
22:56 Guard Tower
22:57 Guard Tower
22:58 Guard Tower
22:58 Guard Tower
22:58 Guard Tower
23:03 Cannon Tower
23:04 Cannon Tower
23:06 Cannon Tower
23:06 Cannon Tower
23:07 Cannon Tower
23:19 Cannon Tower
23:20 Cannon Tower
23:22 Cannon Tower
23:22 Cannon Tower
23:42 Cannon Tower
23:42 Cannon Tower
23:42 Cannon Tower
23:48 Cannon Tower
23:48 Cannon Tower
23:48 Cannon Tower
23:54 Cannon Tower
23:54 Cannon Tower
23:55 Cannon Tower
23:55 Cannon Tower
23:56 Cannon Tower
23:56 Cannon Tower
23:56 Cannon Tower
23:56 Cannon Tower
23:57 Cannon Tower
24:13 Farm
24:14 Farm
24:21 Farm
24:22 Farm
24:23 Farm
24:24 Farm
24:25 Farm
24:26 Farm
29:14 Guard Tower
29:14 Guard Tower
» items
| Scroll of Regeneration | 7 | |
| Mechanical Critter | 3 | |
| Tome of Retraining | 1 | |
| Scroll of Town Portal | 10 | |
| Potion of Invisibility | 3 | |
| Staff of Teleportation | 2 | |
| Periapt of Vitality | 1 | |
| Boots of Speed | 1 | |
| Potion of Lesser Invulnerability | 1 | |
| Scroll of Protection | 1 | |
| Potion of Healing | 2 | |
32 total
orion3000 (
red | 59 APM | 1174 actions | 19:59)
4 Keeper of the Grove
2 Force of Nature
2 Entangling Roots
2 Priestess of the Moon
1 Trueshot Aura
1 Searing Arrows
» actions
| Build / train | 50 | |
| Enter build submenu | 25 | |
| Enter hero's abilities submenu | 6 | |
| Right click | 773 | |
| Select / deselect | 263 | |
| Use ability | 57 | |
1174 total
» units
| Wisp | 19 | |
| Huntress | 13 | |
| Archer | 2 | |
| Chimaera | 2 | |
36 total
» upgrades
| Strength of the Wild | 1 | |
| Reinforced Hides | 2 | |
| Corrosive Breath | 1 | |
4 total
» buildings
| Moon Well | 13 | |
| Altar of Elders | 1 | |
| Hunter's Hall | 1 | |
| Ancient of War | 2 | |
| Tree of Ages | 1 | |
| Tree of Life | 2 | |
| Ancient of Wind | 1 | |
| Tree of Eternity | 1 | |
| Chimaera Roost | 2 | |
24 total
» build order
00:10 Moon Well
00:18 Altar of Elders
01:03 Hunter's Hall
01:42 Ancient of War
01:59 Moon Well
02:22 Ancient of War
02:58 Moon Well
03:13 Moon Well
04:53 Moon Well
04:55 Tree of Ages
06:05 Tree of Life
08:39 Ancient of Wind
11:03 Moon Well
11:20 Tree of Eternity
11:28 Moon Well
11:57 Moon Well
13:02 Moon Well
13:06 Moon Well
13:55 Chimaera Roost
14:13 Moon Well
15:34 Chimaera Roost
16:09 Tree of Life
17:32 Moon Well
18:33 Moon Well
TNFa (
yellow | 71 APM | 1408 actions | 19:45)
4 Mountain King
2 Storm Bolt
2 Bash
1 Paladin
1 Holy Light
» actions
| Assign group hotkey | 32 | |
| Basic commands | 4 | |
| Build / train | 82 | |
| ESC pressed | 1 | |
| Enter build submenu | 21 | |
| Enter hero's abilities submenu | 6 | |
| Give item / drop item | 1 | |
| Remove unit from queue | 6 | |
| Right click | 565 | |
| Select / deselect | 312 | |
| Select group hotkey | 313 | |
| Use ability | 65 | |
1408 total
» units
| Peasant | 18 | |
| Footman | 10 | |
| Giant Sea Turtle | 1 | |
| Makrura Snapper | 1 | |
| Mur'gul Snarecaster | 3 | |
| Flying Machine | 8 | |
| Priest | 1 | |
| Rifleman | 1 | |
| Siege Engine | 7 | |
| Knight | 1 | |
51 total
» upgrades
| Masonry | 2 | |
| Lumber Harvesting | 1 | |
| Gunpowder | 1 | |
| Plating | 1 | |
| Barrage | 1 | |
| Flak Cannons | 1 | |
| Flying Machine Bombs | 1 | |
8 total
» buildings
| Altar of Kings | 1 | |
| Farm | 13 | |
| Barracks | 1 | |
| Lumber Mill | 1 | |
| Arcane Vault | 2 | |
| Keep | 1 | |
| Town Hall | 1 | |
| Scout Tower | 10 | |
| Blacksmith | 1 | |
| Guard Tower | 3 | |
| Workshop | 3 | |
| Arcane Sanctum | 1 | |
| Castle | 1 | |
39 total
» build order
00:11 Altar of Kings
00:14 Farm
00:23 Barracks
00:45 Farm
01:26 Lumber Mill
01:55 Arcane Vault
03:05 Farm
03:18 Keep
05:34 Town Hall
05:35 Keep
05:41 Scout Tower
05:41 Scout Tower
05:42 Scout Tower
05:45 Scout Tower
05:46 Scout Tower
05:46 Scout Tower
05:56 Blacksmith
06:22 Farm
06:25 Farm
06:26 Farm
07:29 Arcane Vault
07:30 Guard Tower
09:40 Scout Tower
09:41 Scout Tower
09:44 Scout Tower
09:44 Scout Tower
10:00 Workshop
10:21 Guard Tower
10:31 Workshop
11:36 Workshop
11:52 Arcane Sanctum
12:10 Guard Tower
13:21 Castle
14:42 Farm
14:43 Farm
14:43 Farm
14:44 Farm
14:44 Farm
14:45 Farm
14:45 Farm
» items
| Scroll of Regeneration | 2 | |
| Boots of Speed | 1 | |
3 total
team 2 (winner)
1o1lame (
blue | 107 APM | 3433 actions | 32:07)
6 Archmage
3 Summon Water Elemental
2 Brilliance Aura
1 Mass Teleport
4 Paladin
2 Holy Light
2 Divine Shield
2 Naga Sea Witch
2 Frost Arrows
» actions
| Assign group hotkey | 59 | |
| Basic commands | 9 | |
| Build / train | 133 | |
| Enter build submenu | 47 | |
| Enter hero's abilities submenu | 12 | |
| Give item / drop item | 2 | |
| Remove unit from queue | 3 | |
| Right click | 1566 | |
| Select / deselect | 538 | |
| Select group hotkey | 773 | |
| Use ability | 291 | |
3433 total
» units
| Peasant | 18 | |
| Footman | 2 | |
| Rifleman | 15 | |
| Goblin Shredder | 3 | |
| Priest | 2 | |
| Sorceress | 5 | |
45 total
» upgrades
| Lumber Harvesting | 1 | |
| Priest Training | 2 | |
| Gunpowder | 3 | |
| Armor | 3 | |
| Sorceress Training | 2 | |
| Long Rifles | 1 | |
| Masonry | 3 | |
| Magic Sentry | 1 | |
| Control Magic | 1 | |
| Fragmentation Shards | 1 | |
| Flare | 1 | |
| Cloud | 1 | |
20 total
» buildings
| Barracks | 1 | |
| Altar of Kings | 1 | |
| Farm | 21 | |
| Blacksmith | 1 | |
| Lumber Mill | 1 | |
| Town Hall | 2 | |
| Arcane Vault | 3 | |
| Scout Tower | 22 | |
| Arcane Tower | 4 | |
| Keep | 1 | |
| Guard Tower | 15 | |
| Arcane Sanctum | 2 | |
| Castle | 1 | |
| Workshop | 2 | |
| Gryphon Aviary | 1 | |
78 total
» build order
00:14 Barracks
00:19 Altar of Kings
00:29 Farm
01:07 Farm
01:47 Farm
02:27 Blacksmith
03:45 Lumber Mill
04:02 Town Hall
04:08 Arcane Vault
04:09 Scout Tower
04:27 Farm
04:37 Arcane Tower
04:56 Scout Tower
05:06 Scout Tower
05:08 Scout Tower
05:11 Scout Tower
05:49 Arcane Tower
06:20 Keep
06:24 Guard Tower
06:48 Scout Tower
06:49 Farm
06:50 Farm
07:00 Guard Tower
08:30 Guard Tower
08:34 Farm
08:36 Farm
08:55 Arcane Vault
08:57 Farm
09:00 Farm
09:04 Farm
09:17 Arcane Sanctum
09:19 Arcane Sanctum
10:51 Farm
10:53 Farm
11:18 Guard Tower
11:23 Scout Tower
11:24 Scout Tower
11:45 Scout Tower
11:50 Castle
12:14 Farm
14:16 Guard Tower
14:20 Farm
17:49 Scout Tower
17:51 Scout Tower
17:59 Guard Tower
18:01 Scout Tower
18:02 Scout Tower
18:02 Scout Tower
18:24 Guard Tower
18:58 Guard Tower
21:07 Guard Tower
21:12 Town Hall
21:17 Arcane Vault
21:19 Scout Tower
21:20 Scout Tower
21:41 Farm
21:43 Farm
21:44 Farm
21:55 Workshop
22:25 Guard Tower
22:44 Scout Tower
22:46 Farm
22:46 Farm
23:17 Workshop
23:19 Farm
23:50 Scout Tower
23:52 Scout Tower
23:53 Scout Tower
23:54 Scout Tower
23:55 Scout Tower
24:56 Arcane Tower
26:10 Guard Tower
26:11 Guard Tower
26:12 Guard Tower
27:05 Guard Tower
28:02 Gryphon Aviary
» items
| Scroll of Regeneration | 7 | |
| Lesser Clarity Potion | 3 | |
| Scroll of Town Portal | 3 | |
| Orb of Corruption | 1 | |
| Boots of Speed | 1 | |
15 total
TrumpsWingman (
purple | 54 APM | 1839 actions | 34:13)
6 Blademaster
3 Wind Walk
2 Critical Strike
1 Bladestorm
» actions
| Assign group hotkey | 49 | |
| Basic commands | 66 | |
| Build / train | 74 | |
| Enter build submenu | 54 | |
| Enter hero's abilities submenu | 6 | |
| Give item / drop item | 9 | |
| Remove unit from queue | 1 | |
| Right click | 906 | |
| Select / deselect | 343 | |
| Select group hotkey | 164 | |
| Use ability | 166 | |
1839 total
» units
| Peon | 9 | |
| Grunt | 4 | |
| Goblin Shredder | 5 | |
| Goblin Zeppelin | 3 | |
| Troll Batrider | 3 | |
| Goblin Sapper | 7 | |
| Wind Rider | 6 | |
| Blue Dragon | 1 | |
38 total
» upgrades
| Reinforced Defenses | 1 | |
| Ranged Weapons | 3 | |
| Armor | 3 | |
| Liquid Fire | 1 | |
| Troll Regeneration | 1 | |
| Envenomed Spears | 1 | |
10 total
» buildings
| Orc Burrow | 7 | |
| Altar of Storms | 2 | |
| Barracks | 1 | |
| Voodoo Lounge | 6 | |
| Stronghold | 1 | |
| War Mill | 2 | |
| Great Hall | 2 | |
| Watch Tower | 38 | |
| Fortress | 1 | |
| Beastiary | 4 | |
64 total
» build order
00:13 Orc Burrow
00:54 Altar of Storms
01:04 Orc Burrow
01:09 Altar of Storms
01:11 Barracks
01:53 Voodoo Lounge
01:56 Voodoo Lounge
02:53 Stronghold
03:44 War Mill
04:59 Great Hall
05:40 Orc Burrow
06:26 Watch Tower
06:26 Watch Tower
06:27 Watch Tower
06:27 Watch Tower
06:27 Watch Tower
06:28 Watch Tower
06:55 Fortress
07:41 Watch Tower
07:41 Watch Tower
07:44 Watch Tower
07:44 Watch Tower
08:39 Watch Tower
10:42 Beastiary
10:42 Beastiary
10:44 Beastiary
10:47 Beastiary
10:52 War Mill
10:58 Watch Tower
11:00 Watch Tower
17:58 Voodoo Lounge
21:06 Watch Tower
21:06 Watch Tower
21:06 Watch Tower
21:08 Watch Tower
21:08 Watch Tower
21:09 Watch Tower
21:10 Watch Tower
21:12 Watch Tower
21:13 Watch Tower
21:15 Watch Tower
21:15 Watch Tower
21:15 Watch Tower
22:29 Great Hall
22:32 Watch Tower
22:33 Watch Tower
22:33 Watch Tower
22:35 Watch Tower
22:36 Watch Tower
22:37 Watch Tower
22:42 Watch Tower
22:43 Watch Tower
22:43 Watch Tower
22:44 Watch Tower
22:46 Watch Tower
22:47 Watch Tower
22:48 Watch Tower
22:51 Voodoo Lounge
24:27 Orc Burrow
24:30 Orc Burrow
24:37 Orc Burrow
24:39 Voodoo Lounge
24:41 Orc Burrow
24:43 Voodoo Lounge
» items
| Healing Salve | 3 | |
| Lesser Clarity Potion | 2 | |
| Orb of Lightning | 1 | |
| Potion of Mana | 3 | |
| Scroll of Town Portal | 3 | |
| Potion of Healing | 1 | |
13 total
PORSCHISTE (
pink | 90 APM | 2929 actions | 32:27)
3 Death Knight
2 Death Coil
1 Unholy Aura
3 Lich
2 Frost Nova
1 Frost Armor
» actions
| Assign group hotkey | 23 | |
| Basic commands | 2 | |
| Build / train | 172 | |
| Enter build submenu | 28 | |
| Enter hero's abilities submenu | 6 | |
| Give item / drop item | 4 | |
| Remove unit from queue | 8 | |
| Right click | 1425 | |
| Select / deselect | 300 | |
| Select group hotkey | 895 | |
| Use ability | 66 | |
2929 total
» units
| Acolyte | 29 | |
| Ghoul | 19 | |
| Crypt Fiend | 22 | |
| Frost Wyrm | 16 | |
86 total
» upgrades
| Web | 1 | |
| Creature Attack | 2 | |
| Ghoul Frenzy | 1 | |
| Creature Carapace | 1 | |
| Freezing Breath | 1 | |
6 total
» buildings
| Crypt | 1 | |
| Altar of Darkness | 1 | |
| Ziggurat | 9 | |
| Graveyard | 1 | |
| Halls of the Dead | 3 | |
| Tomb of Relics | 1 | |
| Black Citadel | 2 | |
| Sacrificial Pit | 1 | |
| Boneyard | 2 | |
| Spirit Tower | 4 | |
| Nerubian Tower | 5 | |
30 total
» build order
00:07 Crypt
00:14 Altar of Darkness
00:40 Ziggurat
01:08 Ziggurat
01:26 Graveyard
02:24 Ziggurat
03:33 Halls of the Dead
04:41 Ziggurat
04:45 Tomb of Relics
06:14 Black Citadel
06:46 Sacrificial Pit
09:16 Boneyard
09:18 Boneyard
11:26 Ziggurat
11:29 Ziggurat
11:32 Ziggurat
11:34 Ziggurat
11:38 Ziggurat
21:51 Spirit Tower
21:51 Spirit Tower
21:58 Nerubian Tower
21:58 Nerubian Tower
21:58 Nerubian Tower
» items
| Potion of Healing | 1 | |
| Scroll of Regeneration | 1 | |
| Scroll of Town Portal | 3 | |
| Staff of Sanctuary | 9 | |
14 total
Datschmes (
teal | 64 APM | 2094 actions | 32:35)
4 Blademaster
1 Wind Walk
1 Critical Strike
2 Mirror Image
3 Shadow Hunter
2 Hex
1 Healing Wave
» actions
| Assign group hotkey | 9 | |
| Build / train | 65 | |
| Enter build submenu | 19 | |
| Enter hero's abilities submenu | 7 | |
| Right click | 1727 | |
| Select / deselect | 227 | |
| Select group hotkey | 1 | |
| Use ability | 39 | |
2094 total
» units
| Peon | 9 | |
| Troll Headhunter/Berserker | 6 | |
| Wind Rider | 4 | |
| Kodo Beast | 3 | |
| Tauren | 14 | |
| Troll Batrider | 12 | |
48 total
» upgrades
| Ranged Weapons | 1 | |
| Armor | 1 | |
| Troll Regeneration | 1 | |
| Liquid Fire | 1 | |
| War Drums Damage Increase | 1 | |
| Pulverize | 1 | |
6 total
» buildings
| Altar of Storms | 1 | |
| Orc Burrow | 9 | |
| Barracks | 1 | |
| War Mill | 1 | |
| Voodoo Lounge | 1 | |
| Stronghold | 1 | |
| Watch Tower | 1 | |
| Beastiary | 1 | |
| Fortress | 1 | |
| Tauren Totem | 2 | |
19 total
» build order
00:11 Altar of Storms
00:16 Orc Burrow
00:29 Barracks
01:38 War Mill
02:20 Orc Burrow
03:23 Orc Burrow
04:24 Voodoo Lounge
04:26 Stronghold
05:42 Orc Burrow
06:44 Watch Tower
07:08 Beastiary
08:15 Orc Burrow
10:23 Fortress
12:49 Tauren Totem
14:14 Tauren Totem
16:31 Orc Burrow
17:29 Orc Burrow
18:35 Orc Burrow
19:40 Orc Burrow
Chat log
(04:12 / Allies) TNFa: .,..
(08:15 / Allies) orion3000: b
(09:22 / All) TrumpsWingman: luck of the poz
(09:25 / All) TrumpsWingman: lawl
(09:27 / All) TrumpsWingman: try hard queer
(09:36 / All) TrumpsWingman: lmaop
(09:40 / All) TrumpsWingman: he was blocking me with his lich
(09:55 / All) TrumpsWingman: I was typing so didn't tp in time lel
(10:03 / All) Elendiar: stop whine lame
(10:09 / All) TrumpsWingman: lol
(10:14 / All) TrumpsWingman: speak English europoor
(10:25 / All) TrumpsWingman: not engrish
(11:41 / Allies) orion3000: come orange
(11:48 / Allies) Elendiar: in a sec
(13:04 / Allies) TNFa: bb
(13:57 / Allies) TNFa: back
(17:14 / All) TrumpsWingman: lol
(17:23 / All) PolockPwner: left to a bm LOL
(17:24 / Allies) PolockPwner: 33
(20:10 / All) PolockPwner: lol
(20:15 / All) PolockPwner: fucking northrend noobs
(25:54 / All) PolockPwner: out
(25:56 / All) PolockPwner: gg
(25:59 / All) 1o1lame: gg
(27:21 / All) PolockPwner: grats u got a mined out expo
(27:25 / All) PolockPwner: time to leave
(27:26 / All) PolockPwner: gg
(27:26 / All) PolockPwner: out
(28:21 / All) PolockPwner: lol
(28:41 / All) Datschmes: can you leave?
(28:47 / All) PolockPwner: why
(28:49 / All) PolockPwner: you lose
(28:50 / All) PolockPwner: lol
(28:52 / All) Datschmes: :D
(28:54 / All) Datschmes: ofc
(29:28 / All) PolockPwner: bye]
(29:29 / All) PolockPwner: out
(30:45 / All) TrumpsWingman: VOTE TRUMP
(30:54 / All) TrumpsWingman: MAKE AMERICA GREAT AGAIN
(31:12 / All) 1o1lame: lol
(31:20 / All) 1o1lame: unfortunate what bnet beco
(31:24 / All) 1o1lame: became
(31:24 / All) TrumpsWingman: BY DONALD WE STAND
(31:30 / All) PolockPwner: told you that you lost
(31:33 / All) PolockPwner: Gg!!!!
(31:34 / All) Datschmes: XD
(31:36 / All) PolockPwner: Time for you to leave!!!
(31:37 / All) PolockPwner: XD
(31:39 / All) PolockPwner: haha!!!
(31:40 / All) Datschmes: XD
(31:42 / All) PolockPwner: XD
(31:43 / All) PolockPwner: xD!
(31:56 / All) TrumpsWingman: TRUMP IS MY PRESIDENT
(32:05 / All) 1o1lame: gg
(32:39 / All) PolockPwner: lawl
(32:43 / All) TrumpsWingman: lol
(32:44 / All) PolockPwner: northrend players suck
(32:46 / All) TrumpsWingman: they didn't even fight me
(32:47 / All) PolockPwner: they all instaleave
(32:48 / All) TrumpsWingman: yeah
(32:49 / All) TrumpsWingman: terrible
(32:51 / All) PolockPwner: what a bunch of c rybabies
(32:56 / All) TrumpsWingman: let's stats
(32:59 / All) PolockPwner: aight
(33:03 / All) TrumpsWingman: if all suck let orange lose
(33:10 / All) PolockPwner: orange 31-30
(33:15 / All) PolockPwner: red 200-209 lol
(33:21 / All) PolockPwner: yellow 108-123
(33:27 / All) TrumpsWingman: orange lose
(33:27 / All) PolockPwner: he was like ... when I took the strenght tome
(33:33 / All) PolockPwner: On creeps I went to creep
(33:37 / All) PolockPwner: and he joined
(33:41 / All) PolockPwner: then I took str tome, he had mk
(33:42 / All) TrumpsWingman: for tryharding my hero
(33:42 / All) PolockPwner: ........
(33:48 / All) PolockPwner: they are so fucking tryhard on northrend
(33:54 / All) PolockPwner: eveyone coming to my creep camps lawl
(34:01 / All) PolockPwner: trying to maximise the xp they get
(34:07 / All) TrumpsWingman: I shoulda tped earlier but was typing and didn't expect red to come too lawl
(34:12 / All) PolockPwner: Oj lose